[Event "Titled Tuesday Blitz March 14 Early 2023"]
[White "Sailer, Mike"]
[Black "Bochnicka, Vladimir"]
[WhiteFideId "2012901"]
[BlackFideId "14943450"]
[WhiteElo "2109"]
[BlackElo "2094"]
[Result "0-1"]
[Round "03"]
[TimeControl "180+2"]
[Date "2023.03.14"]
[WhiteClock "0:01:09"]
[BlackClock "0:01:54"]

1. d4 Nf6 2. Bg5 e6 3. Nd2 h6 4. Bh4 c5 5. e3 d5 6. c3 Nc6 7. Bd3 Bd6 8. f4 O-O 9. Ngf3 b6 10. Ne5 Bb7 11. O-O Be7 12. Nxc6 Bxc6 13. Nf3 Ne4 14. Bxe7 Qxe7 15. Ne5 Bb7 16. f5 Qg5 17. Rf3 exf5 18. dxc5 bxc5 19. Qc2 Rfe8 20. Nd7 Rad8 21. Bxe4 dxe4 22. Nxc5 exf3 23. Nxb7 Rd3 24. Na5 Rdxe3 25. Nc4 Re1+ 26. Rxe1 Rxe1+ 27. Kf2 Qxg2+ 28. Kxe1 Qxc2 0-1


[Site "https://www.chess.com"]

[Event "Titled Tuesday Blitz March 14 Early 2023"]
[White "Avazkhonov, Alikhon"]
[Black "Lorenzo De La Riva, Lazaro"]
[WhiteFideId "14208504"]
[BlackFideId "2268809"]
[WhiteElo "1739"]
[BlackElo "2294"]
[Result "0-1"]
[Round "03"]
[TimeControl "180+2"]
[Date "2023.03.14"]
[WhiteClock "0:00:02"]
[BlackClock "0:00:01"]

1. d4 Nf6 2. c4 c5 3. d5 b5 4. cxb5 a6 5. e3 g6 6. Nc3 Bg7 7. Nf3 O-O 8. bxa6 Bxa6 9. Bxa6 Nxa6 10. O-O d6 11. e4 e6 12. dxe6 fxe6 13. e5 dxe5 14. Nxe5 Qc7 15. Qe2 Rfe8 16. h3 Nd5 17. f4 Nab4 18. a3 Nc6 19. Nxc6 Qxc6 20. Ne4 Bd4+ 21. Kh1 Rf8 22. Rb1 Rae8 23. Bd2 e5 24. fxe5 Rxf1+ 25. Rxf1 Rxe5 26. Qf3 Rf5 27. Qe2 Qe6 28. Re1 Re5 29. Bg5 Kg7 30. Nxc5 Qf5 31. Ne4 h6 32. Bc1 Nf6 33. Ng3 Qe6 34. Qxe5 Bxe5 35. Bf4 Nd7 36. Bxe5+ Nxe5 37. b4 g5 38. b5 Qf6 39. Ne4 Qe7 0-1


[Site "https://www.chess.com"]

[Event "Titled Tuesday Blitz March 14 Early 2023"]
[White "ritanovikova"]
[Black "littlepillow2010"]
[WhiteElo "2120"]
[BlackElo "2379"]
[Result "0-1"]
[Round "03"]
[TimeControl "180+2"]
[Date "2023.03.14"]
[WhiteClock "0:00:22"]
[BlackClock "0:00:19"]

1. e4 c5 2. Nc3 a6 3. d3 b5 4. g3 Bb7 5. Bg2 e6 6. Be3 d5 7. exd5 exd5 8. d4 c4 9. a3 Nf6 10. h3 Be7 11. Nge2 Nbd7 12. Nf4 Nb6 13. O-O O-O 14. Nh5 Qd7 15. Nxf6+ Bxf6 16. Qh5 a5 17. Qg4 Qxg4 18. hxg4 Bc6 19. g5 Be7 20. Rfe1 b4 21. Ne2 bxa3 22. bxa3 Na4 23. Bd2 Rfb8 24. Nc3 Bxg5 25. Bxg5 Nxc3 26. Bd2 Na4 27. Rab1 Rxb1 28. Rxb1 c3 29. Bf4 Re8 30. Bf1 Nb2 31. f3 Ba4 32. Rc1 Re7 33. Kf2 f6 34. g4 Kf7 35. g5 fxg5 36. Bxg5 Rb7 37. Bg2 Nc4 38. f4 Bc6 39. Ke2 Nxa3 40. Kd3 Nb5 41. f5 a4 42. Ra1 a3 43. Bc1 Ra7 44. Ra2 Kf6 45. Bh3 Bd7 46. Ke2 Bxf5 47. Bxf5 Kxf5 48. Kd3 g5 49. Ke2 h5 50. Kf3 Nxd4+ 51. Kg2 Ne6 52. Rxa3 Rxa3 53. Bxa3 d4 54. Bc1 d3 55. cxd3 Nc5 56. d4 Nb3 57. Be3 c2 58. d5 c1=Q 59. Bxc1 Nxc1 60. d6 Ke6 61. Kf1 Kd7 62. Ke1 Kxd6 63. Kd1 Nb3 64. Kc2 Nc5 65. Kd2 Ne6 66. Ke3 Ke5 67. Kf2 g4 68. Kg3 Kf5 69. Kh4 Kf4 70. Kxh5 g3 71. Kh4 g2 72. Kh3 g1=Q 73. Kh4 Qg4# 0-1


[Site "https://www.chess.com"]

[Event "Titled Tuesday Blitz March 14 Early 2023"]
[White "Maranhao,Jose Renato Ruiz"]
[Black "Tarasova, Viktoriya"]
[WhiteFideId "2135175"]
[BlackFideId "4175840"]
[WhiteElo "1970"]
[BlackElo "2182"]
[Result "0-1"]
[Round "03"]
[TimeControl "180+2"]
[Date "2023.03.14"]
[WhiteClock "0:00:01"]
[BlackClock "0:00:30"]

1. g3 Nf6 2. Bg2 e5 3. b3 d5 4. Bb2 Nc6 5. d3 Bd6 6. e3 O-O 7. Nc3 Be6 8. Nge2 Qd7 9. O-O a6 10. Re1 b5 11. a3 Rad8 12. d4 e4 13. Nb1 Ne7 14. Nd2 Bh3 15. Bh1 h5 16. c4 c6 17. c5 Bc7 18. a4 b4 19. a5 Rb8 20. Ra4 Rb5 21. Nf4 Bg4 22. Qa1 h4 23. gxh4 Bxf4 24. exf4 Nf5 25. f3 exf3 26. Nxf3 Bxf3 27. Bxf3 Nxh4 28. Qd1 Qh3 29. Re3 Rbb8 30. Bc1 Rfe8 31. Rxe8+ Rxe8 32. Bh1 Qc3 33. Bd2 Qxd4+ 34. Kf1 Nf5 35. Rxb4 Qd3+ 36. Kg1 Re2 0-1


[Site "https://www.chess.com"]

[Event "Titled Tuesday Blitz March 14 Early 2023"]
[White "ArtemDyachuk"]
[Black "Allam, Yara"]
[BlackFideId "10615709"]
[WhiteElo "2366"]
[BlackElo "1758"]
[Result "1-0"]
[Round "03"]
[TimeControl "180+2"]
[Date "2023.03.14"]
[WhiteClock "0:01:23"]
[BlackClock "0:00:23"]

1. e4 c5 2. Nf3 e6 3. d4 cxd4 4. Nxd4 a6 5. Nc3 Qc7 6. Bd3 Nf6 7. O-O Be7 8. Kh1 d6 9. f4 b5 10. Qe1 b4 11. Na4 Qa5 12. b3 Bd7 13. Bb2 Bxa4 14. bxa4 Qb6 15. e5 Nd5 16. f5 dxe5 17. fxe6 exd4 18. exf7+ Kf8 19. Bc4 Ne3 20. Qe2 Nxf1 21. Rxf1 Nc6 22. Qe6 Qc7 23. Bd5 Rc8 24. Re1 Nd8 25. Qe4 Qd6 26. Qxd4 Bf6 27. Re8# 1-0


[Site "https://www.chess.com"]

[Event "Titled Tuesday Blitz March 14 Early 2023"]
[White "Martinez Alcantara, Jose Eduardo"]
[Black "Nakamura, Hikaru"]
[WhiteFideId "3805662"]
[BlackFideId "2016192"]
[WhiteElo "2712"]
[BlackElo "2879"]
[Result "0-1"]
[Round "04"]
[TimeControl "180+2"]
[Date "2023.03.14"]
[WhiteClock "0:00:08"]
[BlackClock "0:00:28"]

1. e4 e5 2. Nf3 Nc6 3. Bb5 d6 4. O-O Bd7 5. c3 a6 6. Ba4 Nf6 7. Re1 g6 8. h3 Bg7 9. d4 O-O 10. Nbd2 Re8 11. Bc2 Na5 12. Nf1 c5 13. d5 b5 14. Ng3 Qc7 15. b3 Nb7 16. Be3 a5 17. Qd2 b4 18. c4 a4 19. Kh1 Ra6 20. Rec1 Rea8 21. Qd1 Qb8 22. Nd2 R8a7 23. Rab1 axb3 24. axb3 Qa8 25. f4 exf4 26. Bxf4 Ne8 27. Nf3 f6 28. Be3 Ra2 29. Ne2 Nd8 30. Nf4 Bh6 31. Qe1 Nf7 32. Nd3 Bxe3 33. Qxe3 R7a3 34. Nb2 Qd8 35. Rf1 Qe7 36. Rf2 f5 37. e5 dxe5 38. Nd3 e4 39. Nxc5 f4 40. Qxe4 Qxc5 41. Rbf1 Qe3 42. c5 Ra1 43. Kh2 Qxc5 44. Qxf4 Rxf1 45. Rxf1 Qd6 46. Qxd6 Nexd6 47. Nd4 Ra5 48. Nc6 Bxc6 49. dxc6 Rc5 50. Bd1 Rxc6 51. Bf3 Rc5 52. Rd1 Kg7 53. Rd4 Rb5 54. Bd5 Nf5 55. Rd1 Ne3 0-1


[Site "https://www.chess.com"]

[Event "Titled Tuesday Blitz March 14 Early 2023"]
[White "Vallejo Pons, Francisco"]
[Black "Wei, Yi"]
[WhiteFideId "2205530"]
[BlackFideId "8603405"]
[WhiteElo "2589"]
[BlackElo "2686"]
[Result "1/2-1/2"]
[Round "04"]
[TimeControl "180+2"]
[Date "2023.03.14"]
[WhiteClock "0:00:04"]
[BlackClock "0:00:03"]

1. e4 c5 2. b3 g6 3. Bb2 Nf6 4. e5 Nd5 5. Nc3 Nxc3 6. dxc3 Bg7 7. Qd5 Nc6 8. Qxc5 O-O 9. O-O-O Nxe5 10. c4 d6 11. Qd4 Qa5 12. Kb1 Bf6 13. Qd2 Qxd2 14. Rxd2 Bf5 15. Ne2 Bg7 16. Nc3 Rfe8 17. Be2 Rac8 18. Re1 Nc6 19. f4 Nd4 20. Bd1 h5 21. g3 Bg4 22. Nd5 Nf5 23. Be2 Kf8 24. Bf1 Bxb2 25. Kxb2 Bf3 26. Nc3 Bc6 27. Rf2 Kg7 28. Bd3 Nh6 29. h3 Bd7 30. Rh2 Be6 31. a4 a5 32. Be4 b6 33. Bd5 Bd7 34. Bf3 Nf5 35. g4 Nd4 36. Bd1 hxg4 37. hxg4 Bc6 38. Rd2 Ne6 39. f5 gxf5 40. gxf5 Ng5 41. Rde2 Kf6 42. Re3 Rb8 43. Be2 Rbc8 44. Bd3 e5 45. fxe6 Rxe6 46. Rf1+ Ke7 47. Rg3 Re5 48. Bf5 Rg8 49. Bd3 f6 50. Rg4 Rh8 51. Rgf4 Rh6 52. Bf5 Re3 53. Bd3 Re5 54. Bf5 Re3 55. Bd3 Re5 1/2-1/2


[Site "https://www.chess.com"]

[Event "Titled Tuesday Blitz March 14 Early 2023"]
[White "Yu, Yangyi"]
[Black "Vokhidov, Shamsiddin"]
[WhiteFideId "8603820"]
[BlackFideId "14204223"]
[WhiteElo "2783"]
[BlackElo "2570"]
[Result "1/2-1/2"]
[Round "04"]
[TimeControl "180+2"]
[Date "2023.03.14"]
[WhiteClock "0:00:03"]
[BlackClock "0:00:15"]

1. Nf3 Nf6 2. g3 c5 3. c4 Nc6 4. Bg2 d5 5. cxd5 Nxd5 6. Nc3 g6 7. h4 Bg7 8. h5 Bf5 9. Qa4 Nb6 10. Qh4 Bf6 11. Qh2 g5 12. h6 c4 13. O-O g4 14. Nh4 Bxh4 15. Qxh4 e6 16. Qxd8+ Rxd8 17. Bxc6+ bxc6 18. b3 f6 19. bxc4 Nxc4 20. d3 Nb6 21. Be3 Kf7 22. Rfc1 Rb8 23. a4 Rb7 24. a5 Nd5 25. a6 Rd7 26. Rab1 Nxe3 27. fxe3 e5 28. e4 Be6 29. Na4 Rc7 30. Nc5 Bc8 31. Rb8 Rd8 32. Rcb1 Re8 33. Kf2 Rf8 34. R1b7 Re7 35. Ra8 Bxb7 36. Rxf8+ Kxf8 37. axb7 Re8 38. Nd7+ Ke7 39. b8=Q Rxb8 40. Nxb8 Kd6 41. Na6 c5 42. Ke3 Kc6 43. Kd2 Kb6 44. Nb8 Kc7 45. Na6+ Kb6 46. Nb8 Kc7 47. Na6+ Kb6 1/2-1/2


[Site "https://www.chess.com"]

[Event "Titled Tuesday Blitz March 14 Early 2023"]
[White "Eljanov, Pavel"]
[Black "Caruana, Fabiano"]
[WhiteFideId "14102951"]
[BlackFideId "2020009"]
[WhiteElo "2598"]
[BlackElo "2818"]
[Result "1-0"]
[Round "04"]
[TimeControl "180+2"]
[Date "2023.03.14"]
[WhiteClock "0:00:10"]
[BlackClock "0:00:04"]

1. c4 e5 2. Nc3 Bb4 3. Nd5 a5 4. a3 Bc5 5. Nf3 d6 6. e3 c6 7. Nc3 Nd7 8. d4 Ba7 9. Qc2 Ngf6 10. Bd2 O-O 11. O-O-O Qe7 12. h3 Re8 13. Kb1 Nf8 14. g4 Ng6 15. g5 Nh5 16. Bd3 Bd7 17. dxe5 dxe5 18. Ne4 Red8 19. Bxa5 b6 20. Bb4 c5 21. Bc3 Bb8 22. Be2 f5 23. gxf6 Nxf6 24. Bd3 Bc7 25. Rhg1 Rf8 26. Nfg5 Ba4 27. b3 Bc6 28. a4 Rad8 29. Nxf6+ Rxf6 30. Nxh7 Kxh7 31. Bxg6+ Kg8 32. Rxd8+ Qxd8 33. f4 Qe7 34. Be4 Re6 35. Bxc6 Rxc6 36. Qe4 Re6 37. Qd5 Kh7 38. f5 Rh6 39. Qf3 Qd8 40. Kc2 Qh4 41. Qg4 Qf6 42. e4 Bd6 43. Rg3 Kg8 44. Bd2 Rh4 45. Qf3 Qf7 46. Bg5 Rh5 47. h4 Kh7 48. Qd3 Bf8 49. Qd5 Qc7 50. Rd3 Qa7 51. Qe6 Kh8 52. Qg6 1-0


[Site "https://www.chess.com"]

[Event "Titled Tuesday Blitz March 14 Early 2023"]
[White "Erigaisi Arjun"]
[Black "Makhnev, Denis"]
[WhiteFideId "35009192"]
[BlackFideId "13707647"]
[WhiteElo "2737"]
[BlackElo "2525"]
[Result "1-0"]
[Round "04"]
[TimeControl "180+2"]
[Date "2023.03.14"]
[WhiteClock "0:00:05"]
[BlackClock "0:00:04"]

1. b3 e5 2. Bb2 Nc6 3. e3 Nf6 4. c4 d5 5. cxd5 Nxd5 6. a3 Bd6 7. Qc2 O-O 8. Nf3 Be6 9. h4 f6 10. Bc4 Qe8 11. h5 Nb6 12. h6 g6 13. Bxe6+ Qxe6 14. Nc3 Rae8 15. Ne4 Qg4 16. Rh4 Qe6 17. O-O-O a5 18. Kb1 Qe7 19. Ka2 f5 20. Nxd6 cxd6 21. Rhh1 Rc8 22. Qd3 a4 23. Qb5 axb3+ 24. Kb1 Nd7 25. d4 exd4 26. Nxd4 Qe4+ 27. Ka1 Nxd4 28. Rxd4 Qxg2 29. Qxb3+ Rf7 30. Rhd1 Nc5 31. Qd5 Qxd5 32. Rxd5 Ne4 33. f3 Ng5 34. Rxd6 Nxf3 35. Rd7 Nh2 36. Rxf7 Kxf7 37. Rd7+ Ke6 38. Rxh7 Ng4 39. Rg7 Ne5 40. h7 Rh8 41. Rxb7 g5 42. Rb5 Rxh7 43. Rxe5+ Kf6 44. Rb5+ Kg6 45. a4 Rh3 46. a5 Rxe3 47. a6 Re8 48. a7 Ra8 49. Bd4 f4 50. Rb8 Rxb8 51. axb8=Q 1-0


[Site "https://www.chess.com"]

[Event "Titled Tuesday Blitz March 14 Early 2023"]
[White "Xiong, Jeffery"]
[Black "Nguyen, Ngoc Truong Son"]
[WhiteFideId "2047640"]
[BlackFideId "12401110"]
[WhiteElo "2726"]
[BlackElo "2571"]
[Result "0-1"]
[Round "04"]
[TimeControl "180+2"]
[Date "2023.03.14"]
[WhiteClock "0:00:13"]
[BlackClock "0:00:05"]

1. e4 c5 2. Nf3 e6 3. c3 d5 4. e5 Nc6 5. d4 Qb6 6. Be2 Bd7 7. O-O f6 8. Re1 fxe5 9. dxe5 Nh6 10. Bxh6 gxh6 11. Qc1 Bg7 12. Nbd2 O-O 13. Nf1 Be8 14. Ng3 Bg6 15. Bf1 Rxf3 16. gxf3 Nxe5 17. Be2 Rf8 18. f4 c4 19. fxe5 Qxf2+ 20. Kh1 Bxe5 21. Bg4 Bxg3 22. hxg3 Qxg3 23. Bxe6+ Kg7 24. Qe3 Rf1+ 25. Rxf1 Qxe3 26. Bxd5 b5 27. Rae1 Qg5 28. Bg2 h5 29. Rf3 a5 30. Rfe3 Kh6 31. Kg1 b4 32. Kf2 Qf4+ 33. Kg1 b3 34. axb3 cxb3 35. R3e2 a4 36. Ra1 Bc2 37. Rf2 Qg4 38. Kh2 h4 39. Rf6+ Kg5 40. Ra6 Qg3+ 41. Kh1 h3 42. Ba8 Bf5 43. R6xa4 h2 44. Ra7 Bg6 45. Bg2 h5 46. Rb7 h4 47. Rxb3 h3 48. Ba8 Bh5 49. Rb5+ Kh6 50. Rf1 Be2 51. Rb6+ Kg7 52. Rb7+ Kh6 53. Rbf7 Bxf1 54. Rxf1 Kh5 55. Bf3+ Kh4 56. b4 Qe5 57. c4 Qf4 58. c5 Kg3 59. c6 Qc4 60. Rc1 Qxc1+ 0-1


[Site "https://www.chess.com"]

[Event "Titled Tuesday Blitz March 14 Early 2023"]
[White "Xu, Xiangyu"]
[Black "Shimanov, Aleksandr"]
[WhiteFideId "8608288"]
[BlackFideId "4198603"]
[WhiteElo "2477"]
[BlackElo "2631"]
[Result "1-0"]
[Round "04"]
[TimeControl "180+2"]
[Date "2023.03.14"]
[WhiteClock "0:00:19"]
[BlackClock "0:00:04"]

1. d4 Nf6 2. Bg5 g6 3. Bxf6 exf6 4. c4 d5 5. cxd5 Qxd5 6. Nc3 Qd8 7. e3 Bd6 8. g3 O-O 9. Bg2 f5 10. Nge2 Nd7 11. O-O Nf6 12. Rc1 c6 13. Qd3 Qe7 14. Rfe1 Re8 15. a3 Be6 16. Nf4 Bxf4 17. gxf4 Rad8 18. b4 Bd5 19. Nxd5 Nxd5 20. Bf3 a6 21. Red1 Rd7 22. Rc5 Red8 23. Qb3 Qh4 24. a4 Nc7 25. Kg2 Qf6 26. Kf1 Qh4 27. Ke2 Re8 28. Re5 Red8 29. Rg1 Kf8 30. Qc3 Qf6 31. h4 h5 32. Qc5+ Qd6 33. Rb1 Kg7 34. Qxd6 Rxd6 35. Ke1 R8d7 36. Be2 b6 37. a5 b5 38. Rc5 Nd5 39. Bf3 Kf6 40. Bxd5 cxd5 41. Rbc1 Re7 42. Rc8 Ke6 43. Kd2 Red7 44. Kd3 Re7 45. R1c5 Red7 46. Re8+ Re7 47. Rb8 Red7 48. Rcc8 Re7 49. f3 Red7 50. Re8+ Kf6 51. Rbc8 Kg7 52. Rc5 Kf6 53. Rb8 Ke7 54. Rcc8 Kf6 55. Rb6 Ke7 56. Ra8 Rxb6 57. axb6 Kd6 58. Rxa6 Kc6 59. Ra7 Rb7 60. e4 dxe4+ 61. fxe4 fxe4+ 62. Kxe4 Rb8 63. Rxf7 Re8+ 64. Kd3 Kxb6 65. Rf6+ Kc7 66. Rxg6 Re1 67. Rg5 Kc6 68. Rc5+ Kb6 69. Rxh5 Rd1+ 70. Ke3 Rb1 71. f5 Rxb4 72. f6 Rxd4 73. Kxd4 1-0


[Site "https://www.chess.com"]

[Event "Titled Tuesday Blitz March 14 Early 2023"]
[White "Matlakov, Maxim"]
[Black "Bachmann, Axel"]
[WhiteFideId "4168003"]
[BlackFideId "3700488"]
[WhiteElo "2666"]
[BlackElo "2605"]
[Result "1-0"]
[Round "04"]
[TimeControl "180+2"]
[Date "2023.03.14"]
[WhiteClock "0:00:44"]
[BlackClock "0:00:13"]

1. e4 e5 2. Nf3 Nc6 3. Bb5 a6 4. Ba4 Nf6 5. d3 b5 6. Bb3 Bc5 7. Bg5 h6 8. Bh4 d6 9. c3 Bb6 10. Nbd2 g5 11. Bg3 Ne7 12. d4 Ng6 13. h3 Nh5 14. Nxe5 dxe5 15. Qxh5 exd4 16. cxd4 Qxd4 17. Rd1 Bb7 18. O-O Qg7 19. Nf3 O-O 20. h4 Bxe4 21. hxg5 Bxf3 22. gxf3 Ne5 23. Kg2 hxg5 24. Rh1 Rae8 25. Rd5 Ng6 26. Rxg5 1-0


[Site "https://www.chess.com"]

[Event "Titled Tuesday Blitz March 14 Early 2023"]
[White "Sarana, Alexey"]
[Black "Madaminov, Mukhiddin"]
[WhiteFideId "24133795"]
[BlackFideId "14210703"]
[WhiteElo "2714"]
[BlackElo "2511"]
[Result "1-0"]
[Round "04"]
[TimeControl "180+2"]
[Date "2023.03.14"]
[WhiteClock "0:01:18"]
[BlackClock "0:00:01"]

1. c4 g6 2. d4 Nf6 3. Nc3 d5 4. Bf4 dxc4 5. e4 Bg7 6. Bxc4 O-O 7. Nge2 a6 8. a4 Nc6 9. e5 Nd7 10. O-O Nb6 11. Bb3 Nb4 12. a5 N6d5 13. Bg5 Be6 14. Na4 b6 15. Qd2 Qd7 16. h4 Qb5 17. Nec3 Qxa5 18. Nc5 Qxa1 19. Rxa1 bxc5 20. dxc5 c6 21. Nxd5 Nxd5 22. Bxd5 Bxd5 23. Bxe7 Rfe8 24. Bf6 Bxf6 25. exf6 Re6 26. Qf4 h5 27. f3 Kh7 28. Rd1 Rae8 29. b4 Re2 30. Rd3 R8e6 31. Kh2 Kg8 32. Kg3 Kh7 33. Rd1 Rb2 34. Qc7 Ree2 35. Rxd5 Rxg2+ 36. Kf4 Rxb4+ 37. Ke3 Rb3+ 38. Rd3 Rxd3+ 39. Kxd3 Kh6 1-0


[Site "https://www.chess.com"]

[Event "Titled Tuesday Blitz March 14 Early 2023"]
[White "Lenderman, Aleksandr"]
[Black "Narayanan, Srinath"]
[WhiteFideId "2021285"]
[BlackFideId "5018420"]
[WhiteElo "2607"]
[BlackElo "2438"]
[Result "1-0"]
[Round "04"]
[TimeControl "180+2"]
[Date "2023.03.14"]
[WhiteClock "0:00:57"]
[BlackClock "0:00:08"]

1. Nf3 d5 2. e3 Nf6 3. c4 e6 4. b3 b6 5. Bb2 Bb7 6. Nc3 Nbd7 7. Rc1 a6 8. cxd5 exd5 9. Ne2 c5 10. d4 Rc8 11. Nc3 Be7 12. dxc5 bxc5 13. Bd3 O-O 14. O-O Nb6 15. Qe2 c4 16. Bf5 Rc7 17. Rfd1 Qb8 18. Nb1 cxb3 19. axb3 Rxc1 20. Rxc1 Re8 21. Nd4 Qd6 22. Bd3 a5 23. Nf5 Qd7 24. Nxg7 Kxg7 25. Bb5 Qd8 26. Bxe8 Qxe8 27. Qg4+ Kh8 28. Qg5 Qd8 29. Nd2 Nd7 30. Nf3 Qb6 31. Ne5 Nxe5 32. Bxe5 a4 33. bxa4 Ba6 34. h3 Bc4 35. a5 Qa6 36. Rb1 1-0


[Site "https://www.chess.com"]

[Event "Titled Tuesday Blitz March 14 Early 2023"]
[White "So, Wesley"]
[Black "Urazayev, Arystanbek"]
[WhiteFideId "5202213"]
[BlackFideId "13709810"]
[WhiteElo "2739"]
[BlackElo "2479"]
[Result "1-0"]
[Round "04"]
[TimeControl "180+2"]
[Date "2023.03.14"]
[WhiteClock "0:01:14"]
[BlackClock "0:00:16"]

1. Nf3 d5 2. b3 Nf6 3. Bb2 e6 4. c4 Be7 5. g3 O-O 6. Bg2 b6 7. O-O Bb7 8. cxd5 exd5 9. d4 c5 10. Nc3 Nc6 11. Rc1 cxd4 12. Nxd4 Nxd4 13. Qxd4 Bc5 14. Qd3 Qe7 15. Na4 Ba3 16. Bxf6 Qxf6 17. Rc7 Rab8 18. Bxd5 Bxd5 19. Qxd5 Rfd8 20. Qb5 Rd2 21. Rxa7 Rxa2 22. Nxb6 h6 23. Ra6 Ra1 24. Rxa1 Qxa1+ 25. Kg2 Qb2 26. Ra8 Rxa8 27. Nxa8 Bf8 28. Qc4 g6 29. Nb6 h5 30. h4 Kg7 31. Nd5 Bd6 32. Qc3+ Qxc3 33. Nxc3 Be5 34. Nd5 f5 35. b4 Kf7 36. b5 Ke6 37. Nf4+ Bxf4 38. gxf4 Kd5 39. Kf3 Kc5 40. Ke3 Kxb5 41. Kd4 Kb4 42. f3 1-0


[Site "https://www.chess.com"]

[Event "Titled Tuesday Blitz March 14 Early 2023"]
[White "Bluebaum, Matthias"]
[Black "Ider, Borya"]
[WhiteFideId "24651516"]
[BlackFideId "4901134"]
[WhiteElo "2638"]
[BlackElo "2512"]
[Result "1-0"]
[Round "04"]
[TimeControl "180+2"]
[Date "2023.03.14"]
[WhiteClock "0:01:12"]
[BlackClock "0:00:10"]

1. d4 e6 2. c4 d5 3. Nc3 c6 4. Nf3 Nf6 5. Qc2 Nbd7 6. e4 dxe4 7. Nxe4 Bb4+ 8. Bd2 Qa5 9. Nc3 c5 10. a3 cxd4 11. Nxd4 Qe5+ 12. Be3 Bc5 13. Nf3 Qh5 14. Bxc5 Nxc5 15. b4 Ncd7 16. Be2 b6 17. O-O Bb7 18. Nb5 Ke7 19. Rad1 Ne5 20. Nxe5 Qxe5 21. Nd6 Bc6 22. b5 Bd7 23. Bf3 Rad8 24. Rfe1 Qf4 25. Rd4 Qg5 26. h4 Qg6 27. Qd2 Bc8 28. Qb4 1-0


[Site "https://www.chess.com"]

[Event "Titled Tuesday Blitz March 14 Early 2023"]
[White "Drygalov, Andrey"]
[Black "Lazavik, Denis"]
[WhiteFideId "24171735"]
[BlackFideId "13515110"]
[WhiteElo "2471"]
[BlackElo "2560"]
[Result "0-1"]
[Round "04"]
[TimeControl "180+2"]
[Date "2023.03.14"]
[WhiteClock "0:00:03"]
[BlackClock "0:00:04"]

1. e4 c5 2. Nf3 e6 3. d4 cxd4 4. Nxd4 Nc6 5. Nc3 Qc7 6. Be2 Nf6 7. Be3 a6 8. O-O Be7 9. f4 d6 10. Kh1 O-O 11. Qe1 Nxd4 12. Bxd4 b5 13. Qg3 Bb7 14. a3 Rad8 15. Rae1 Ne8 16. Bd3 Rd7 17. Qh3 g6 18. f5 e5 19. fxg6 fxg6 20. Bb6 Qc8 21. Qe6+ Kg7 22. Rxf8 Bxf8 23. Rf1 Re7 24. Qxc8 Bxc8 25. Nd5 Rb7 26. Be3 Be6 27. Nb4 Nc7 28. Nc6 Bc4 29. Bxc4 bxc4 30. Nd8 Rb8 31. Rf7+ Kg8 32. Rxc7 Rxd8 33. Rxc4 d5 34. exd5 Rxd5 35. Kg1 Kf7 36. b4 Rd1+ 37. Kf2 Ra1 38. Rc7+ Ke8 39. Rc8+ Kf7 40. Rc7+ Ke6 41. Rc6+ Kd5 42. Rxa6 Bxb4 43. a4 Ke4 44. Ra7 Ra2 45. Rc7 Rxa4 46. Rc4+ Kd5 47. Rc7 Ra2 48. Kf3 Bd6 49. Rxh7 e4+ 50. Kg4 Rxc2 51. g3 Rc3 52. Bg5 Kc4 53. Rd7 Bc5 54. Rc7 Kd5 55. Rd7+ Ke6 56. Rd8 Rc2 57. Re8+ Kd5 58. Rd8+ Kc4 59. h4 e3 60. Re8 e2 61. Kf3 Kd3 62. Rd8+ Bd4 63. Re8 Ra2 64. h5 gxh5 65. Bf4 Ra1 66. Bd2 Rf1+ 67. Kg2 Kxd2 68. Rd8 Kd3 69. Rxd4+ Kxd4 0-1


[Site "https://www.chess.com"]

[Event "Titled Tuesday Blitz March 14 Early 2023"]
[White "Zahid, Sanatan"]
[Black "Talibov, Shiroghlan"]
[WhiteFideId "10201963"]
[BlackFideId "13429078"]
[WhiteElo "1865"]
[BlackElo "2218"]
[Result "0-1"]
[Round "04"]
[TimeControl "180+2"]
[Date "2023.03.14"]
[WhiteClock "0:00:02"]
[BlackClock "0:00:10"]

1. d4 g6 2. Nc3 Bg7 3. e4 d6 4. f4 a6 5. a4 Nf6 6. Bd3 O-O 7. Nf3 Nc6 8. e5 dxe5 9. dxe5 Nd5 10. O-O Bg4 11. h3 Bxf3 12. Qxf3 Ncb4 13. Nxd5 Nxd5 14. Rd1 c6 15. a5 Qc8 16. c4 Nc7 17. Re1 f6 18. exf6 Bxf6 19. Qg3 Kh8 20. Ra3 Ne6 21. Bb1 Nd4 22. c5 Qc7 23. b4 Rae8 24. Kh2 e5 25. Rd3 Nf5 26. Qf2 exf4 27. Bxf4 Qxf4+ 28. Qxf4 Rxe1 29. g3 Be5 30. Qf2 Rxb1 31. Qe2 Rb2 32. Rd2 Rxd2 33. Qxd2 Nxg3 34. Kg2 Nh5 35. Qd7 Nf4+ 36. Kf3 Nd5+ 37. Ke2 Rb8 38. Qe6 Nf4+ 0-1


[Site "https://www.chess.com"]

[Event "Titled Tuesday Blitz March 14 Early 2023"]
[White "Firouzja, Alireza"]
[Black "Rustemov, Alexander"]
[WhiteFideId "12573981"]
[BlackFideId "4119002"]
[WhiteElo "2904"]
[BlackElo "2921"]
[Result "1/2-1/2"]
[Round "04"]
[TimeControl "180+2"]
[Date "2023.03.14"]
[WhiteClock "0:00:09"]
[BlackClock "0:00:06"]

1. e4 e6 2. d4 d5 3. e5 c5 4. c3 Qb6 5. Nf3 Bd7 6. a3 Bb5 7. dxc5 Bxc5 8. Bxb5+ Qxb5 9. a4 Qd7 10. O-O Ne7 11. Nbd2 a6 12. Nb3 Bb6 13. Re1 Nbc6 14. a5 Bc7 15. Nc5 Qc8 16. Qa4 O-O 17. Qh4 Ng6 18. Qh5 Ncxe5 19. Nxe5 Bxe5 20. Nd3 Bf6 21. Be3 Qc4 22. Nc5 Qb5 23. Qe2 Qxe2 24. Rxe2 Rfb8 25. Ra4 Ne5 26. Bf4 Rc8 27. Nxb7 Nd3 28. Bg3 Nc5 29. Nxc5 Rxc5 30. Bd6 Rb5 31. g3 Rc8 32. Kg2 Rc6 33. Bb4 g6 34. Ra1 Bg7 35. Re3 Bf8 36. Bxf8 Kxf8 37. Ra2 Ke7 38. Kf1 Rcc5 39. b4 Rc4 40. Rd2 Kd6 41. Ke2 e5 42. Kd3 f5 43. f4 e4+ 44. Ke2 d4 45. cxd4 Rbxb4 46. g4 Rxd4 47. Rxd4+ Rxd4 48. gxf5 gxf5 49. Rh3 Kc5 50. Rxh7 Kb5 51. h4 Kxa5 52. h5 Kb4 53. Rb7+ Kc5 54. Rf7 Rd3 55. Rxf5+ Kd4 56. Rf6 Rh3 57. Rd6+ Kc5 58. Rxa6 Kd4 59. Ra4+ Kd5 60. Ra5+ Kd4 61. Ra4+ Kd5 62. Ra6 Rh2+ 63. Ke3 Rh3+ 64. Kd2 e3+ 65. Kd3 Kc5 66. Ra5+ Kd6 67. Re5 Kc6 68. Kd4 Kd6 69. Rxe3 Rxh5 70. Re8 Ra5 71. Ke4 Kd7 72. Rh8 Rb5 73. Rh6 Ke7 74. Kf3 Kf7 75. Ra6 Rc5 76. Kg4 Rb5 77. Ra7+ Kf6 78. Ra6+ Kf7 79. Ra4 Kf6 80. Rc4 Kf7 81. Rc6 Kg7 82. f5 Rb1 83. Rc7+ Kf6 84. Rc6+ Kg7 85. Kf4 Rf1+ 86. Ke5 Re1+ 87. Kd5 Rd1+ 88. Ke6 Re1+ 89. Kd7 Rf1 90. Ke6 Re1+ 91. Kd5 Rf1 92. Ke5 Re1+ 93. Kd4 Rd1+ 94. Ke4 Re1+ 95. Kd5 1/2-1/2


[Site "https://www.chess.com"]

[Event "Titled Tuesday Blitz March 14 Early 2023"]
[White "Dubov, Daniil"]
[Black "Jaskolka, Tomasz"]
[WhiteFideId "24126055"]
[BlackFideId "1170791"]
[WhiteElo "2802"]
[BlackElo "2155"]
[Result "1-0"]
[Round "04"]
[TimeControl "180+2"]
[Date "2023.03.14"]
[WhiteClock "0:00:31"]
[BlackClock "0:00:19"]

1. e4 c5 2. Nc3 e6 3. Nf3 Nc6 4. Be2 d6 5. O-O Nf6 6. d4 cxd4 7. Nxd4 Be7 8. Be3 O-O 9. f4 a6 10. Qe1 Qc7 11. Qg3 Nxd4 12. Bxd4 b5 13. a3 Bb7 14. Bd3 Rfd8 15. Rae1 Bc6 16. Kh1 Rac8 17. Nd1 Qb7 18. Nf2 Nh5 19. Qg4 g6 20. Qf3 d5 21. e5 Ng7 22. Ng4 b4 23. Nh6+ Kf8 24. f5 exf5 25. Bxf5 gxf5 26. e6 fxe6 27. Rxe6 Nxe6 28. Qxf5+ Ke8 29. Qxe6 Rd6 30. Rf8+ Kxf8 31. Qf7# 1-0


[Site "https://www.chess.com"]